 Dungeon Crawl Stone Soup version 0.20.1-1-g8b1a95d (webtiles) character file.

120 letownia2 the Grave Robber (level 4, -10/36 HPs)
             Began as a Deep Dwarf Necromancer on Dec 9, 2017.
             Killed by divine providence
             ... invoked by an orc priest
              (12 damage)
             ... on level 4 of the Dungeon.
             The game lasted 00:03:25 (697 turns).

letownia2 the Grave Robber (Deep Dwarf Necromancer)  Turns: 697, Time: 00:03:26

Health: -10/36     AC:  2    Str: 12    XL:     4   Next: 75%
Magic:  0/7        EV: 12    Int: 16    God:
Gold:   52         SH:  0    Dex: 13    Spells: 3/7 levels left

rFire    . . .     SeeInvis .   d - +2 mace (crush)
rCold    . . .     Gourm    .   (no shield)
rNeg     . . .     Faith    .   a - +0 robe
rPois    .         Spirit   .   (no helmet)
rElec    .         Reflect  .   (no cloak)
rCorr    .         Harm     .   (no gloves)
MR       .....                  (no boots)
Stlth    ++........             (no amulet)
Regen    0.0/turn               (no ring)
MPRegen  0.1/turn               (no ring)

@: non-regenerating
A: damage resistance, heal wounds, sense surroundings 1, no regeneration
a: Heal Wounds


You were on level 4 of the Dungeon.
You were not hungry.

You visited 1 branch of the dungeon, and saw 4 of its levels.

You collected 52 gold pieces.

Inventory:

Hand Weapons
 d - a +2 mace of crushing (weapon)
 e - a +0 war axe
Armour
 a - a +0 robe (worn)
 g - a +2 chain mail of cold resistance
Scrolls
 h - a scroll of identify {unknown}
Books
 b - a book of Necromancy

   Spells                             Type                      Level
   a - Pain                           Necromancy                   1
   b - Animate Skeleton               Necromancy                   1
   c - Vampiric Draining              Necromancy                   3
   d - Regeneration                   Charms/Necromancy            3
   e - Animate Dead                   Necromancy                   4
   f - Control Undead                 Necromancy                   4
Comestibles
 c - a bread ration
 f - a chunk of flesh


   Skills:
 - Level 2.1 Dodging
 - Level 2.4 Stealth
 - Level 2.0 Spellcasting
 + Level 6.6 Necromancy


You had 3 spell levels left.
You knew the following spells:

 Your Spells              Type           Power        Failure   Level  Hunger
a - Pain                  Necr           ###.         1%          1    #......
v - Vampiric Draining     Necr           ###.......   4%          3    ###....


Dungeon Overview and Level Annotations

Branches:
Dungeon (4/15)
 Temple: D:4-7

Altars:

Annotations:
D:3 Robin


Innate Abilities, Weirdness & Mutations

You are resistant to damage.
You can heal yourself by infusing magical energy.
You passively map a small area around you.
You do not regenerate.


Message History

Casting: Pain
Confirm with . or Enter, or press ? or * to list all spells.
Aiming: Pain
Press: ? - help, Shift-Dir - straight line, f - orc priest
Aim: an orc priest, wielding a flail of protection and wearing a chain mail (chance to defeat MR: 81%)
The orc priest writhes in agony!
The orc priest hits you with a flail of protection.
* * * LOW HITPOINT WARNING * * *
Unknown command.
Unknown command.
You closely miss the orc priest.
The orc priest is moderately wounded.
The orc misses you.
The orc priest miscasts a cantrip.
The orc hits you with a short sword!
* * * LOW HITPOINT WARNING * * *
Unknown command.
The orc priest mumbles some strange prayers to Beogh against you.
Beogh smites you!
You die...

, , $ ##. * , ,
.#$$$ *#.. * * ...#.
#.#** .....####.##,
* , ............, *
.........l.### * ,
,........o...#.####*
,......olo.@.$.....
, ,##..ohh#####.####
* #...#.# ,
#####...#h# *
#.......o.#
,........##...#
#......<.#o###
..............#
...............


You could see 2 orc priests, 2 orcs, 2 jackals and 2 frilled lizards.

Vanquished Creatures
  2 orc wizards
  Jessica (D:3)
  An adder (D:2)
  3 orcs
  A goblin (D:2)
  2 hobgoblins
  3 frilled lizards
  A rat (D:1)
14 creatures vanquished.

Vanquished Creatures (others)
  An orc wizard (D:3)
1 creature vanquished.

Grand Total: 15 creatures vanquished

Notes
Turn   | Place    | Note
-------+----------+-------------------------------------------
     0 | D:1      | letownia2 the Deep Dwarf Necromancer began the quest for the Orb.
     0 | D:1      | Reached XP level 1. HP: 15/15 MP: 3/3
   229 | D:2      | Reached XP level 2. HP: 19/22 MP: 0/4
   338 | D:2      | Reached skill level 5 in Necromancy
   397 | D:3      | Reached XP level 3. HP: 21/28 MP: 2/6
   438 | D:2      | Learned a level 3 spell: Vampiric Draining
   494 | D:3      | Found a faded altar of an unknown god.
   604 | D:3      | Noticed Jessica
   621 | D:3      | Killed Jessica
   621 | D:3      | Reached skill level 6 in Necromancy
   621 | D:3      | Reached XP level 4. HP: 18/36 MP: 4/7
   644 | D:3      | Noticed Robin
   697 | D:4      | Killed from afar by an orc priest

Skill      XL: |  1  2  3 |
---------------+----------+-----
Spellcasting   | 2 |  2.0
Necromancy     | 5 6 |  6.6
Dodging        | |  2.1
Stealth        | |  2.4

Action                   |  1- 3 |  4- 6 || total
-------------------------+-------+-------++-------
Melee: Mace              |       |     8 ||     8
 Cast: Pain              |    28 |     3 ||    31
       Vampiric Draining |       |     2 ||     2
Armor: Robe              |       |     4 ||     4
Dodge: Dodged            |    11 |    23 ||    34
